 Dungeon Sprint DCSS version 0.16-a0-4092-gb8933cd (webtiles) character file.

10700000 BluebellGnoll the Champion of Chaos (level 26, -2/242 HPs)
             Began as a Demonspawn Warper on Feb 24, 2015.
             Was the Champion of Makhleb.
             Slain by a sculptor of flesh
             ... wielding a +9 great sword
              (189 damage)
             ... in the Dungeon (Sprint VIII: "Arena of Blood").
             The game lasted 00:05:43 (107 turns).

BluebellGnoll the Champion of Chaos (DsWr)           Turns: 107, Time: 00:05:44

Health: -2/242     AC: 10    Str: 14    XL:     26   Next: 53%
Magic:  29/49      EV: 35    Int: 16    God:    Makhleb [******]
Gold:   0          SH:  0    Dex: 21    Spells: 1 memorised, 78 levels left

rFire  + + .     SeeInvis +     k - +∞ Axe of Woe
rCold  . . .     Clarity  .     b - +0 leather armour
rNeg   . . .     SustAb   .     (no shield)
rPois  +         Gourm    .     (helmet unavailable)
rElec  .         Spirit   .     (no cloak)
rCorr  .         Warding  .     (no gloves)
rMut   .         NoTele   +     (no boots)
MR     +....                    (no amulet)
Stlth  ++++++++++               (no ring)
                                l - ring of protection from fire

@: somewhat resistant to hostile enchantments, uncannily stealthy
A: antennae 3, slimy green scales 3, demonic guardian 3, fire resistance 1,
nightstalker 3, flame cloud immunity
a: Minor Destruction, Lesser Servant of Makhleb, Major Destruction, Greater
Servant of Makhleb, Renounce Religion


You were in the Dungeon.
You worshipped Makhleb.
Makhleb was exalted by your worship.
You were not hungry.

You visited 1 branch

Inventory:

Hand weapons
 k - the +∞ Axe of Woe (weapon)
   (You found it in the Dungeon)
Missiles
 e - 5 tomahawks of dispersal (quivered)
Armour
 b - a +0 leather armour (worn)
Jewellery
 l - a ring of protection from fire (left hand)
Scrolls
 d - 2 scrolls of blinking
Potions
 f - a potion of curing
 g - a potion of heal wounds
 h - a potion of haste
 i - 2 potions of magic
 j - a potion of berserk rage
Books
 c - a book of Spatial Translocations

   Spells                             Type                      Level
   a - Apportation                    Translocation                1
   b - Blink                          Translocation                2
   c - Shroud of Golubria             Charms/Translocation         2
   d - Portal Projectile              Translocation                3
   e - Teleport Other                 Translocation                3
   f - Passage of Golubria            Translocation                4
Comestibles
 a - a bread ration


   Skills:
 O Level 27 Fighting
 O Level 27 Axes
 O Level 27 Throwing
 O Level 27 Armour
 O Level 27 Dodging
 O Level 27 Stealth
 O Level 27 Unarmed Combat
 O Level 27 Spellcasting
 O Level 27 Translocations
 O Level 27 Invocations


You had 78 spell levels left.
You knew the following spells:

 Your Spells              Type           Power        Failure   Level  Hunger
a - Apportation           Tloc           #######...   0%          1    None


Dungeon Overview and Level Annotations

Branches:
Dungeon (1/1)

Altars:
Makhleb


Innate Abilities, Weirdness & Mutations

You have a pair of large antennae on your head (SInv).
You are completely covered in slimy green scales (AC +4, rPois).
A powerful demonic guardian rushes to your aid.
Your flesh is heat resistant.
You are completely attuned to the shadows.
You are immune to clouds of flame.


Message History

Makhleb accepts your kill.
You slash the bag of meat!
You dissect the bag of meat like a pig carcass.
You kill the bag of meat!
Makhleb accepts your kill.
You feel a little better.
The destroyer blinks!
Your cacodemon is engulfed in roaring flames.
A crawling corpse merges with a small abomination to form a large abomination.
An orc, a hell beast and a greater mummy come into view.
Unknown command.
An orc and a hell beast come into view.
You hear a shout! x3
The meat berserker is engulfed in roaring flames.
The meat berserker completely misses you.
You hear a shout!
The bag of meat hits your cacodemon with a +9 war axe!!
You hear a shout! x2
The sculptor of flesh hits you with a +9 great sword!!!!!
Ouch! That really hurt!
You die...

#..o....%.#))%§..###)...
#..G.#..)..).)).....).##
#....##)){)%)o#...))).._
#....)#)))).#.......#...
#....W.###.{...{....#_.<
#....G##.)).#.......#...
#...{#o..X....#........_
#....#§2V2X...........##
#.....§@zO2oo. .###...
#....))§O2.Mo #...
#......WV.§. #..
......Mo.#. .. .......#.
.....


You could see 2 accurseds, 3 meat beasts, 2 destroyers, an observer (invisible),
a sculptor of flesh, 2 large abominations, a wretched soul (invisible), a dread,
2 meat berserkers, 5 bags of meat and a friendly cacodemon.

Vanquished Creatures
  3 great orbs of eyes (D)
  2 hell beasts (D)
  6 hill giants (D)
  23 ogres (D)
  47 orcs (D)
  2 phantoms (D)
  5 skeletal warriors (D)
  8 vampire knights (D)
  4 wraiths (D)
  A large abomination (D)
  3 small abominations (D)
  3 crawling corpses (D)
107 creatures vanquished.

Vanquished Creatures (others)
  An Executioner (D)
  A cacodemon (D)
  A sun demon (D)
  A soul eater (D)
  3 quasits (D)
  A white imp (D)
  A crawling corpse (D)
9 creatures vanquished.

Grand Total: 116 creatures vanquished

Notes
Turn   | Place    | Note
--------------------------------------------------------------
     0 | D        | BluebellGnoll, the Demonspawn Warper, began the quest for the Orb.
     0 | D        | Reached XP level 1. HP: 16/16 MP: 3/3
     4 | D        | Became a worshipper of Makhleb the Destroyer
     6 | D        | Noticed a bag of meat
     6 | D        | Noticed a bag of meat
     6 | D        | Noticed a bag of meat
     7 | D        | Noticed a bag of meat
     7 | D        | Noticed a bag of meat
     8 | D        | Killed a bag of meat
     8 | D        | Reached skill level 15 in Axes
     8 | D        | Reached skill level 19 in Invocations
     8 | D        | Gained mutation: You are slightly more attuned to the shadows. [demonic ancestry]
     8 | D        | Reached XP level 2. HP: 22/22 MP: 4/14
     8 | D        | Gained mutation: You are partially covered in slimy green scales (AC +2). [demonic ancestry]
     8 | D        | Reached XP level 3. HP: 27/27 MP: 5/18
     8 | D        | Gained mutation: You have a pair of small antennae on your head. [demonic ancestry]
     8 | D        | Reached XP level 4. HP: 33/33 MP: 5/20
     8 | D        | Reached XP level 5. HP: 38/38 MP: 5/22
     8 | D        | Reached XP level 6. HP: 44/44 MP: 5/24
     8 | D        | Reached XP level 7. HP: 50/50 MP: 5/26
     8 | D        | Reached XP level 8. HP: 56/56 MP: 5/27
     8 | D        | Gained mutation: A weak demonic guardian rushes to your aid. [demonic ancestry]
     8 | D        | Reached XP level 9. HP: 61/61 MP: 5/29
     8 | D        | Gained mutation: You are significantly more attuned to the shadows. [demonic ancestry]
     8 | D        | Reached XP level 10. HP: 67/67 MP: 5/30
     8 | D        | Reached XP level 11. HP: 72/72 MP: 5/31
     8 | D        | Killed a bag of meat
     8 | D        | Acquired Makhleb's first power
     8 | D        | Reached skill level 22 in Invocations
     8 | D        | Reached XP level 12. HP: 78/78 MP: 5/33
     9 | D        | Noticed a bag of meat
    10 | D        | Killed a bag of meat
    10 | D        | Reached skill level 23 in Invocations
    10 | D        | Gained mutation: You are completely attuned to the shadows. [demonic ancestry]
    10 | D        | Reached XP level 13. HP: 83/83 MP: 5/35
    10 | D        | Killed a bag of meat
    10 | D        | Acquired Makhleb's second power
    10 | D        | Reached skill level 25 in Invocations
    11 | D        | Killed a bag of meat
    11 | D        | Reached skill level 26 in Invocations
    11 | D        | Reached XP level 14. HP: 90/90 MP: 5/37
    11 | D        | Killed a bag of meat
    11 | D        | Acquired Makhleb's third power
    11 | D        | Reached skill level 27 in Invocations
    15 | D        | Noticed a meat berserker
    15 | D        | Noticed a bag of meat
    16 | D        | Noticed a bag of meat
    17 | D        | Noticed a bag of meat
    17 | D        | Noticed a meat berserker
    17 | D        | Killed a meat berserker
    17 | D        | Reached XP level 15. HP: 95/95 MP: 7/38
    18 | D        | Noticed a meat berserker
    18 | D        | Killed a bag of meat
    19 | D        | Noticed a meat berserker
    19 | D        | Noticed a meat berserker
    19 | D        | Noticed a bag of meat
    19 | D        | Noticed a bag of meat
    20 | D        | Noticed a bag of meat
    20 | D        | Killed a meat berserker
    20 | D        | Acquired Makhleb's fourth power
    20 | D        | Reached skill level 1 in Throwing
    20 | D        | Reached skill level 1 in Armour
    20 | D        | Noticed a bag of meat
    21 | D        | Noticed a bag of meat
    21 | D        | Noticed a bag of meat
    21 | D        | Noticed a bag of meat
    21 | D        | Noticed a bag of meat
    21 | D        | Killed a meat berserker
    21 | D        | Reached skill level 5 in Unarmed Combat
    21 | D        | Reached skill level 10 in Translocations
    21 | D        | Killed a bag of meat
    21 | D        | Reached XP level 16. HP: 111/116 MP: 8/39
    21 | D        | Killed a bag of meat
    21 | D        | Acquired Makhleb's fifth power
    23 | D        | Noticed a bag of meat
    23 | D        | Noticed a bag of meat
    23 | D        | Noticed a bag of meat
    23 | D        | Killed a bag of meat
    23 | D        | Reached skill level 10 in Spellcasting
    23 | D        | Reached skill level 15 in Translocations
    23 | D        | Killed a meat berserker
    23 | D        | Reached skill level 10 in Fighting
    24 | D        | Noticed a meat berserker
    24 | D        | Killed a meat berserker
    24 | D        | Gained mutation: You are mostly covered in slimy green scales (AC +3). [demonic ancestry]
    24 | D        | Reached XP level 17. HP: 126/131 MP: 9/39
    25 | D        | Noticed a large bag of meat
    25 | D        | Killed a bag of meat
    25 | D        | Killed a bag of meat
    25 | D        | Reached skill level 10 in Unarmed Combat
    25 | D        | Killed a bag of meat
    25 | D        | Reached skill level 27 in Axes
    25 | D        | Killed a bag of meat
    26 | D        | Noticed a destroyer
    26 | D        | Killed a bag of meat
    26 | D        | Reached skill level 15 in Fighting
    26 | D        | Reached skill level 5 in Throwing
    26 | D        | Reached skill level 15 in Spellcasting
    26 | D        | Gained mutation: You have a pair of antennae on your head. [demonic ancestry]
    26 | D        | Reached XP level 18. HP: 145/149 MP: 9/40
    26 | D        | Killed a bag of meat
    27 | D        | Noticed a bag of meat
    27 | D        | Noticed a bag of meat
    27 | D        | Noticed a destroyer
    28 | D        | Killed a bag of meat
    28 | D        | Killed a bag of meat
    28 | D        | Reached skill level 5 in Armour
    28 | D        | Reached skill level 27 in Dodging
    28 | D        | Killed a meat berserker
    29 | D        | Noticed a meat berserker
    29 | D        | Killed a bag of meat
    30 | D        | Killed a large bag of meat
    30 | D        | Gained mutation: A demonic guardian rushes to your aid. [demonic ancestry]
    30 | D        | Reached XP level 19. HP: 165/167 MP: 10/41
    31 | D        | Noticed a destroyer
    31 | D        | Noticed a meat berserker
    31 | D        | Noticed a large bag of meat
    31 | D        | Killed a bag of meat
    32 | D        | Killed a meat berserker
    32 | D        | Reached skill level 15 in Unarmed Combat
    32 | D        | Reached skill level 27 in Translocations
    32 | D        | Killed a bag of meat
    32 | D        | Killed a bag of meat
    33 | D        | Noticed a bag of meat
    34 | D        | Noticed a large bag of meat
    34 | D        | Killed a destroyer
    34 | D        | Killed a meat berserker
    34 | D        | Gained mutation: Your flesh is heat resistant. [demonic ancestry]
    34 | D        | Reached XP level 20. HP: 187/190 MP: 11/44
    35 | D        | Killed a destroyer
    36 | D        | Killed a bag of meat
    37 | D        | Killed a destroyer
    37 | D        | Reached skill level 27 in Fighting
    37 | D        | Reached skill level 10 in Throwing
    37 | D        | Killed a large bag of meat
    37 | D        | Reached skill level 10 in Armour
    39 | D        | Noticed a bag of meat
    40 | D        | Noticed a bag of meat
    40 | D        | Killed a large bag of meat
    41 | D        | Noticed a destroyer
    41 | D        | Noticed a bag of meat
    41 | D        | Noticed a sculptor of flesh
    41 | D        | Noticed a bag of meat
    42 | D        | Killed a bag of meat
    42 | D        | Reached skill level 27 in Spellcasting
    42 | D        | Killed a bag of meat
    43 | D        | Noticed a meat berserker
    43 | D        | Killed a bag of meat
    43 | D        | Reached XP level 21. HP: 204/204 MP: 13/47
    44 | D        | Killed a destroyer
    45 | D        | Noticed a large bag of meat
    45 | D        | Noticed a destroyer
    45 | D        | Noticed a destroyer
    45 | D        | Killed a bag of meat
    45 | D        | Reached skill level 27 in Unarmed Combat
    45 | D        | Killed a sculptor of flesh
    45 | D        | Noticed a large bag of meat
    46 | D        | Killed a meat berserker
    47 | D        | Noticed a bag of meat
    47 | D        | Noticed a meat berserker
    47 | D        | Noticed a bag of meat
    48 | D        | Noticed a bag of meat
    48 | D        | Noticed a sculptor of flesh
    48 | D        | Killed a large bag of meat
    48 | D        | Killed a large bag of meat
    49 | D        | Killed a bag of meat
    50 | D        | Noticed a bag of meat
    50 | D        | Noticed a bag of meat
    50 | D        | Killed a bag of meat
    50 | D        | Gained mutation: You have a pair of large antennae on your head (SInv). [demonic ancestry]
    50 | D        | Reached XP level 22. HP: 212/212 MP: 14/47
    51 | D        | Noticed a meat berserker
    51 | D        | Noticed a bag of meat
    51 | D        | Killed a destroyer
    52 | D        | Noticed a sculptor of flesh
    52 | D        | Noticed a meat berserker
    53 | D        | Killed a sculptor of flesh
    53 | D        | Killed a bag of meat
    54 | D        | Noticed a bag of meat
    54 | D        | Noticed a destroyer
    54 | D        | Killed a bag of meat
    54 | D        | Killed a bag of meat
    54 | D        | Killed a meat berserker
    54 | D        | Reached skill level 27 in Throwing
    54 | D        | Reached skill level 27 in Armour
    55 | D        | Noticed a bag of meat
    55 | D        | Noticed a meat berserker
    55 | D        | Noticed a meat berserker
    55 | D        | Noticed a meat berserker
    55 | D        | Killed a destroyer
    56 | D        | Killed a bag of meat
    56 | D        | Killed a sculptor of flesh
    56 | D        | Gained mutation: You are immune to clouds of flame. [demonic ancestry]
    56 | D        | Reached XP level 23. HP: 219/219 MP: 16/48
    57 | D        | Killed a meat berserker
    57 | D        | Killed a meat berserker
    58 | D        | Noticed a sculptor of flesh
    58 | D        | Killed a bag of meat
    58 | D        | Reached skill level 27 in Stealth
    58 | D        | Killed a meat berserker
    60 | D        | Noticed a dread
    60 | D        | Killed a meat berserker
    60 | D        | Killed a bag of meat
    62 | D        | Noticed a meat berserker
    62 | D        | Killed a sculptor of flesh
    63 | D        | Noticed a dread
    63 | D        | Killed a dread
    65 | D        | Noticed a meat berserker
    65 | D        | Killed a meat berserker
    66 | D        | Noticed a meat berserker
    66 | D        | Noticed a meat berserker
    66 | D        | Noticed a meat beast
    66 | D        | Killed a dread
    66 | D        | Gained mutation: A powerful demonic guardian rushes to your aid. [demonic ancestry]
    66 | D        | Reached XP level 24. HP: 227/227 MP: 18/48
    68 | D        | Noticed a destroyer
    68 | D        | Killed a meat beast
    68 | D        | Killed a meat berserker
    68 | D        | Noticed a destroyer
    69 | D        | Noticed a dread
    69 | D        | Killed a meat berserker
    69 | D        | Killed a meat berserker
    70 | D        | Noticed a dread
    70 | D        | Noticed a bag of meat
    71 | D        | Noticed a bag of meat
    71 | D        | Killed a destroyer
    71 | D        | Killed a dread
    72 | D        | Noticed a sculptor of flesh
    72 | D        | Killed a destroyer
    73 | D        | Noticed a bag of meat
    74 | D        | Noticed a bag of meat
    75 | D        | Noticed a meat berserker
    75 | D        | Noticed a bag of meat
    76 | D        | Killed a bag of meat
    77 | D        | Killed a bag of meat
    77 | D        | Killed a meat berserker
    77 | D        | Reached XP level 25. HP: 234/234 MP: 21/49
    79 | D        | Noticed a wretched soul
    79 | D        | Noticed a meat beast
    81 | D        | Killed a meat beast
    82 | D        | Killed a bag of meat
    83 | D        | Killed a sculptor of flesh
    84 | D        | Noticed a bag of meat
    84 | D        | Killed a dread
    85 | D        | Killed a wretched soul
    86 | D        | Killed a bag of meat
    88 | D        | Killed a bag of meat
    89 | D        | Noticed a wretched soul
    92 | D        | Noticed a bag of meat
    92 | D        | Killed a wretched soul
    98 | D        | Noticed an observer
    98 | D        | Noticed a bag of meat
    98 | D        | Noticed a bag of meat
    98 | D        | Noticed an observer
    99 | D        | Noticed a bag of meat
    99 | D        | Noticed a large bag of meat
    99 | D        | Noticed a bag of meat
    99 | D        | Noticed a bag of meat
    99 | D        | Noticed a meat berserker
   100 | D        | Noticed a sculptor of flesh
   100 | D        | Noticed an accursed
   100 | D        | Noticed a bag of meat
   101 | D        | Noticed a meat berserker
   101 | D        | Noticed an observer
   101 | D        | Killed a meat berserker
   101 | D        | Killed a large bag of meat
   101 | D        | Killed an observer
   101 | D        | Noticed a bag of meat
   102 | D        | Noticed a dread
   102 | D        | Killed a bag of meat
   102 | D        | Killed an observer
   102 | D        | Gained mutation: You are completely covered in slimy green scales (AC +4, rPois). [demonic ancestry]
   102 | D        | Reached XP level 26. HP: 242/242 MP: 27/49
   103 | D        | Noticed a meat berserker
   103 | D        | Noticed a meat berserker
   103 | D        | Killed a bag of meat
   103 | D        | Killed a meat berserker
   104 | D        | Noticed a meat berserker
   104 | D        | Killed a bag of meat
   104 | D        | Killed a bag of meat
   104 | D        | Noticed a bag of meat
   105 | D        | Noticed a wretched soul
   105 | D        | Noticed an observer
   105 | D        | Killed a meat berserker
   106 | D        | Noticed a destroyer
   106 | D        | Noticed a meat beast
   106 | D        | Killed a bag of meat
   106 | D        | Killed a bag of meat
   106 | D        | Killed an observer
   106 | D        | Killed a meat berserker
   106 | D        | Killed a bag of meat
   107 | D        | Noticed a bag of meat
   107 | D        | Noticed a meat beast
   107 | D        | Noticed an accursed
   107 | D        | Noticed a meat beast
   107 | D        | Noticed a bag of meat
   107 | D        | Slain by a sculptor of flesh

Action                   |  1- 3 |  4- 6 |  7- 9 | 10-12 | 13-15 | 16-18 | 19-21 | 22-24 | 25-27 || total
-------------------------+-------+-------+-------+-------+-------+-------+-------+-------+-------++-------
Melee: Executioner's axe |     1 |       |       |     1 |     5 |     7 |    15 |    21 |    14 ||    64
Invok: Minor Destruction |       |       |       |       |       |       |       |       |     3 ||     3
